 Dungeon Crawl Stone Soup version 0.25-a0-189-gf71692caf1 (webtiles) character file.

Game seed: 2593469323422302746, levelgen mode: deterministic

125 Jindul the Cutter (level 5, 0/36 HPs)
             Began as a Halfling Abyssal Knight on Nov 29, 2019.
             Was a Believer of Lugonu.
             Succumbed to an adder's poison
             ... on level 3 of the Dungeon.
             The game lasted 00:09:20 (2067 turns).

Jindul the Cutter (Halfling Abyssal Knight)         Turns: 2067, Time: 00:09:21

Health: 0/36       AC:  4    Str: 17 (18) XL:     5   Next: 30%
Magic:  6/6        EV: 19    Int:  8 (10) God:    Lugonu [**....]
Gold:   211        SH:  0    Dex: 20 (22) Spells: 4/4 levels left

rFire    . . .     SeeInvis +   h - +2 short sword (flame)
rCold    . . .     Gourm    +   (shield restricted)
rNeg     . . .     Faith    .   b - +1 leather armour
rPois    .         Spirit   .   (no helmet)
rElec    .         Reflect  .   (no cloak)
rCorr    +         Harm     .   (no gloves)
MR       .....                  (no boots)
Stlth    +++.......             l - amulet of the gourmand
HPRegen  0.12/turn              f - ring of see invisible
MPRegen  0.10/turn              n - ring of resist corrosion

@: mighty, agile, lethally poisoned (0 -> -5), flying, hasted, very quick
A: small, fangs 1, agile 1, mutation resistance 1
a: Depart the Abyss, Bend Space, Renounce Religion


You were on level 3 of the Dungeon.
You worshipped Lugonu.
Lugonu was pleased with you.
You were completely stuffed.

You visited 1 branch of the dungeon, and saw 3 of its levels.
You visited the Abyss 1 time.

You collected 211 gold pieces.

Inventory:

Hand Weapons
 h - a +2 short sword of flaming (weapon)
Missiles
 k - 19 poisoned darts (quivered)
Armour
 b - a +1 leather armour (worn)
Jewellery
 f - a ring of see invisible (left hand)
 l - an amulet of the gourmand (around neck)
 n - a ring of resist corrosion (right hand)
 o - an uncursed ring of magical power
Scrolls
 e - 5 scrolls of teleportation {unknown}
 g - 2 scrolls of enchant armour
 m - 2 scrolls of enchant weapon
Potions
 s - a potion of mutation
Comestibles
 c - 11 rations
 t - 3 chunks of flesh


   Skills:
 - Level 3.0 Fighting
 * Level 3.6 Short Blades
 + Level 1.1 Throwing
 + Level 2.6 Armour
 + Level 1.7 Dodging
 * Level 2.8 Stealth
 + Level 2.5 Invocations


You had 4 spell levels left.
You didn't know any spells.
Your spell library was empty.

Dungeon Overview and Level Annotations

Branches:
Dungeon (3/15)

Altars:
Sif Muna


Innate Abilities, Weirdness & Mutations

You are small and have problems with some larger weapons.
You are somewhat resistant to further mutation.
You have very sharp teeth.
You are agile. (Dex +2)


Message History

You feel very mighty all of a sudden.
* * * LOW HITPOINT WARNING * * *
You feel sick. The adder misses you.
You puncture the adder! You burn the adder.
You kill the adder!
Lugonu accepts your kill.
You hit the orc. You burn the orc. You bite the orc, but do no damage.
The orc is heavily wounded.
Okay, then.
As you read the scroll labeled GAORGH CESK, it crumbles to dust.
It is a scroll of identify.
m - 2 scrolls of enchant weapon
* * * LOW HITPOINT WARNING * * *
You feel sick. The orc misses you.
As you read the scroll labeled GUDUUF RIWIO, it crumbles to dust.
You feel blessed for a moment.
It was a scroll of remove curse.
As you read the scroll labeled DUUJAN RUOHOMITWU, it crumbles to dust.
It is a scroll of enchant armour.
Your +0 leather armour glows green for a moment.
You die...

######.# #......## #.#
#...# #.# #.# #.#.##
#.# #.# #.#†.#
##.###.###.##.# .#
.........).##.##.#
####.#....#####..#.#
...#.#....# ##@#.#
##.#.#....# #o#.#
#.<.#....# #o#S# .
##.).#....#
##s#'##....
##........# #......#
#........## #......#
##.#####.# #......#
##.####..######......#
##...........##......#


You could see 2 orcs and a giant cockroach.

Vanquished Creatures
  An orc priest (D:3)
  3 adders
  An ooze (D:1)
  2 worms (D:2)
  A leopard gecko (D:1)
  2 orcs (D:3)
  A ball python (D:1)
  3 giant cockroaches
  7 goblins
  7 hobgoblins
  2 quokkas
  9 bats
  3 frilled lizards
  9 kobolds
  8 rats
59 creatures vanquished.

Notes
Turn   | Place    | Note
-------+----------+-------------------------------------------
     0 | Abyss:1  | Jindul the Halfling Abyssal Knight began the quest for the
                  | Orb.
     0 | Abyss:1  | Reached XP level 1. HP: 15/15 MP: 2/2
    51 | Abyss:1  | Noticed a small abomination
    86 | D:1      | Escaped the Abyss
   228 | D:1      | Reached * piety under Lugonu
   257 | D:1      | Reached XP level 2. HP: 20/20 MP: 3/3
   409 | D:1      | Reached skill level 1 in Stealth
   510 | D:1      | Reached XP level 3. HP: 25/26 MP: 4/4
  1157 | D:2      | Reached ** piety under Lugonu
  1316 | D:2      | Reached XP level 4. HP: 31/31 MP: 5/5
  1465 | D:2      | Found a shimmering blue altar of Sif Muna.
  1967 | D:3      | Reached skill level 1 in Throwing
  1967 | D:3      | Reached XP level 5. HP: 28/36 MP: 6/6
  2052 | D:3      | Gained mutation: You have very sharp teeth. [potion of
                  | mutation]
  2052 | D:3      | Gained mutation: You are agile. (Dex +2) [potion of
                  | mutation]
  2065 | D:3      | HP: 1/36 [poisoned by an adder]
  2067 | D:3      | Succumbed to an adder's poison

Levels and vault maps discovered:
D:1:      minmay_arrival_arboretum_small, layout_rooms, minmay_door_square
D:2:      layout_loops_cross, lemuel_blue_sif_altar
D:3:      layout_basic, lemuel_coloured_pillars_altar, first_ration,
          uniq_natasha

Skill      XL: |  1  2  3  4 |
---------------+-------------+-----
Fighting       | 3 |  3.0
Stealth        | 1 2 |  2.8
Short Blades   | 3 |  3.6
Throwing       | 1 |  1.1
Armour         | |  2.6
Dodging        | |  1.7
Invocations    | |  2.5

Action                   |  1- 3 |  4- 6 || total
-------------------------+-------+-------++-------
Melee: Short sword       |   110 |    52 ||   162
       Bite              |       |     1 ||     1
Throw: Dart              |     1 |     3 ||     4
Invok: Depart the Abyss  |     1 |       ||     1
  Use: Potion            |       |     6 ||     6
       Scroll            |       |     3 ||     3
 Stab: Sleeping          |     4 |     2 ||     6
  Eat: Chunk             |     9 |     4 ||    13
Armor: Leather armour    |    39 |     8 ||    47
Dodge: Dodged            |    85 |    35 ||   120

Table legend:
 A = Non-vault XP
 B = Vault XP
 C = Vault XP percentage of total XP
 D = Non-vault monster count
 E = Vault monster count
 F = Vault count percentage of total count
                 A         B        C        D         E       F
            +---------+---------+-------+---------+---------+-------
      Total |     179 |       0 |   0.0 |      59 |       0 |   0.0
            +---------+---------+-------+---------+---------+-------
        D:1 |      45 |       0 |   0.0 |      24 |       0 |   0.0
        D:2 |      52 |       0 |   0.0 |      24 |       0 |   0.0
        D:3 |      82 |       0 |   0.0 |      11 |       0 |   0.0
            +---------+---------+-------+---------+---------+-------
